 Dungeon Crawl Stone Soup version 0.25.1-2-g60ff931df9 (webtiles) character file.

Game seed: 3861263877130596112

20866 DildoBatman the Geomancer (level 13, -2/95 HPs)
             Began as a Formicid Wizard on Aug 22, 2020.
             Was a High Priest of Kikubaaqudgha.
             Slain by a white ugly thing (14 damage)
             ... on level 15 of the Dungeon.
             The game lasted 01:05:37 (15340 turns).

DildoBatman the Geomancer (Formicid Wizard)        Turns: 15340, Time: 01:05:37

Health: -2/95      AC: 11    Str: 11      XL:     13   Next: 15%
Magic:  4/21       EV: 15    Int: 28 (30) God:    Kikubaaqudgha [*****.]
Gold:   1028       SH: 11    Dex: 15      Spells: 2/23 levels left

rFire    + . .     SeeInvis +   a - +2 dagger (elec)
rCold    + . .     Gourm    .   E - +0 kite shield
rNeg     . . .     Faith    .   o - +4 troll leather armour
rPois    +         Spirit   .   (helmet unavailable)
rElec    +         Reflect  .   P - +0 cloak
rCorr    +         Harm     .   (no gloves)
MR       +....                  k - +0 pair of boots
Stlth    ++........             m - amulet of magic regeneration
HPRegen  0.65/turn              N - +6 ring of dexterity
MPRegen  0.42/turn              c - +6 ring of intelligence

@: resistant
A: permanent stasis, dig shafts and tunnels, four strong arms, antennae 3
a: Dig, Shaft Self, Receive Corpses, Torment, Renounce Religion


You were on level 15 of the Dungeon.
You worshipped Kikubaaqudgha.
Kikubaaqudgha was extremely pleased with you.
You were very hungry.

You visited 2 branches of the dungeon, and saw 14 of its levels.
You also visited: Ossuary and Bailey.

You collected 1831 gold pieces.
You spent 803 gold pieces at shops.

Inventory:

Hand Weapons
 a - a +2 dagger of electrocution (weapon)
 b - a +0 hunting sling
 d - a +1 dagger of venom
 K - a +2 vorpal trident
Missiles
 j - 204 arrows
 y - 117 bolts
 H - 6 silver javelins (quivered)
 J - 50 sling bullets
 Y - a throwing net
Armour
 k - a +0 pair of boots (worn)
 o - a +4 troll leather armour (worn)
 E - a +0 kite shield (worn)
 P - a +0 cloak (worn)
 T - a scarf of resistance
Jewellery
 c - a +6 ring of intelligence (right hand)
 g - an uncursed amulet of the acrobat
 m - an amulet of magic regeneration (around neck)
 r - an uncursed amulet of regeneration
 D - the ring "Xodoi" {+Fly MR+ MP+9 Str-2 Dex-2}
   (You found it on level 10 of the Dungeon)

   [ring of protection from magic]

   It affects your strength (-2).
   It affects your dexterity (-2).
   It affects your resistance to hostile enchantments.
   It affects your magic capacity (+9).
   It lets you fly.
 N - a +6 ring of dexterity (left hand)
 Q - an uncursed ring of fire
Wands
 e - a wand of iceblast (8)
 X - a wand of acid (8)
Scrolls
 h - a scroll of amnesia {unknown}
 l - 2 scrolls of immolation
 q - 4 scrolls of fear
 s - 2 scrolls of random uselessness {unknown}
 u - 3 scrolls of enchant weapon
 x - 4 scrolls of remove curse
 z - 7 scrolls of identify
 A - 3 scrolls of enchant armour
 C - 5 scrolls of magic mapping
 G - a scroll of silence {unknown}
 M - a scroll of fog {unknown}
Potions
 f - 2 potions of might {unknown}
 i - a potion of brilliance {unknown}
 n - 3 potions of ambrosia {unknown}
 p - 4 potions of curing
 t - a potion of mutation {unknown}
 w - 2 potions of haste {unknown}
 B - a potion of lignification {unknown}
 U - 2 potions of stabbing {unknown}
 W - a potion of degeneration {unknown}
Miscellaneous
 R - a phantom mirror
Comestibles
 v - 25 rations
 F - 4 chunks of flesh


   Skills:
 - Level 6.7 Fighting
 - Level 7.1 Armour
 - Level 6.1 Dodging
 - Level 2.4 Stealth
 * Level 8.9 Shields
 - Level 5.9 Spellcasting
 - Level 6.0 Conjurations
   Level 1.0 Summonings
 - Level 9.0 Necromancy
   Level 0.8 Translocations
 - Level 5.0 Fire Magic
 - Level 5.0 Air Magic
 - Level 9.0 Earth Magic


You had 2 spell levels left.
You knew the following spells:

 Your Spells              Type           Power        Failure   Level  Hunger
a - Conjure Flame         Conj/Fire      #####...     2%          3    None
b - Borgnjor's Vile Clut  Necr/Erth      ######....   5%          5    #####..
c - Magic Dart            Conj           ####         1%          1    None
d - Vampiric Draining     Necr           ######....   1%          3    None
e - Mephitic Cloud        Conj/Pois/Air  ####....     5%          3    None
h - Dispel Undead         Necr           ######..     1%          4    ###....
z - Sublimation of Blood  Necr           ######....   1%          2    None

Your spell library contained the following spells:

 Spells                   Type           Power        Failure   Level  Hunger
 Animate Skeleton         Necr           N/A          1%          1    None
 Pain                     Necr           ####         1%          1    None
 Call Imp                 Summ           ##......     8%          2    None
 Slow                     Hex            #.......     12%         2    None
 Animate Dead             Necr           N/A          1%          4    ###....
 Agony                    Necr           ######..     5%          5    #####..
 Cause Fear               Hex            #.........   61%         4    ###....
 Silence                  Hex/Air        ###.......   61%         5    #####..
 Simulacrum               Ice/Necr       ####......   88%         6    ######.
 Yara's Violent Unravell  Hex/Tmut       #.........   91%         5    #####..
 Discord                  Hex            #.........   100%        8    #######
 Blink                    Tloc           Unusable     N/A         2    N/A

Dungeon Overview and Level Annotations

Branches:
Dungeon (12/15)            Temple (1/1) D:6            Lair (0/6) D:8
    Orc (0/2) D:12         Depths (0/5) D:15        Ossuary (visited)
 Bailey (visited)

Altars:
Ashenzari
Cheibriados
Dithmenos
Elyvilon
Fedhas
Gozag
Hepliaklqana
Kikubaaqudgha
Makhleb
Nemelex Xobeh
Okawaru
Qazlal
Ru
Sif Muna
Trog
Uskayaw
Vehumet
Wu Jian
Xom
Yredelemnul
Zin
The Shining One

Shops:
D:9 ?}   D:10 (

Annotations:
D:12 2 transporters, Qulall's ghost, novice DEWz


Innate Abilities, Weirdness & Mutations

You cannot be hasted, slowed, berserked, paralysed or teleported.
You can dig through walls and to a lower floor.
Your four strong arms can wield two-handed weapons with a shield.
You have a pair of large antennae on your head. (SInv)


Message History

You block the slime creature's attack.
The fire crab changes into a komodo dragon!
You block the slime creature's attack.
Two slime creatures merge to form a large slime creature.
The slime creature hits you!
The komodo dragon changes into a lindwurm!
A rakshasa comes into view. It is wielding a +1 trident of venom.
You extend your mandibles.
You dig through the rock wall.
A black mamba comes into view.
The red ugly thing barely misses you.
Okay, then.
You dig through the rock wall.
A white ugly thing comes into view.
You retract your mandibles.
The white ugly thing kicks you. The white ugly thing freezes you! You resist.
You die...
Kikubaaqudgha rasps: "You have failed me!
Welcome... death!"

# #### ###
##.#..###.##
.....##...#
##. #.#..†.##
#..##.uk{..>#
#...#R#J...##
#.uS##...#
##@####.##
#...# ###
#.....#
#.....#
##...## ##.##
#+#


You could see 2 ugly things, a rakshasa and a black mamba (wandering).

Vanquished Creatures
  Gastronok (D:9)
  5 two-headed ogres
  An unseen horror (D:12)
  A glowing orange brain (D:15)
  3 ugly things
  A cyclops (D:9)
  An orc knight (Bailey)
  Maggie (D:6)
  2 komodo dragons
  4 trolls
  A merfolk (D:9)
  5 hippogriffs
  6 slime creatures (D:12)
  A shadow (D:12)
  2 vampires (D:12)
  6 yaks
  2 wraiths (D:10)
  2 hungry ghosts
  3 wyverns
  A soldier ant (D:11)
  A swamp drake (D:8)
  2 sky beasts
  3 ice beasts
  16 orc warriors
  A necrophage (D:6)
  4 ogres
  6 centaurs
  3 crocodiles (D:8)
  An elf zombie (Ossuary)
  4 big kobolds
  7 bullfrogs
  5 scorpions
  10 killer bees
  6 wights
  7 howler monkeys
  A centaur zombie (D:12)
  6 crimson imps
  A bullfrog zombie (D:5)
  8 hounds
  6 orc priests
  4 jellies
  2 bullfrog skeletons
  2 iguanas (D:11)
  12 orc wizards
  Ijyb (D:3)
  Terence (D:3)
  A gnoll shaman (D:7)
  Natasha (thrice) (D:3)
  10 worker ants
  3 big kobold zombies (Ossuary)
  A hound skeleton (D:7)
  2 mummies (Ossuary)
  2 howler monkey skeletons
  A worker ant zombie (D:11)
  14 gnolls
  14 adders
  2 shadow imps
  A white imp (D:6)
  An ooze (D:3)
  3 adder zombies
  2 worms
  A dart slug (D:5)
  2 leopard geckos (D:11)
  37 orcs
  2 giant cockroaches
  13 goblins
  6 hobgoblins
  17 jackals
  30 kobolds
  7 quokkas
  A ball python (D:1)
  A ball python skeleton (D:4)
  13 bats
  3 frilled lizards (D:3)
  5 gnoll zombies (Ossuary)
  2 goblin zombies (Ossuary)
  2 hobgoblin zombies (Ossuary)
  An orc zombie (Ossuary)
  A quokka skeleton (D:8)
  5 rats
378 creatures vanquished.

Notes
Turn   | Place    | Note
-------+----------+-------------------------------------------
     0 | D:1      | DildoBatman the Formicid Wizard began the quest for the
                  | Orb.
     0 | D:1      | Reached XP level 1. HP: 13/13 MP: 4/4
    12 | D:1      | Reached skill level 1 in Conjurations
   185 | D:1      | Reached XP level 2. HP: 19/19 MP: 1/6
   928 | D:1      | Reached XP level 3. HP: 24/24 MP: 3/7
   933 | D:1      | Learned a level 3 spell: Conjure Flame
   937 | D:1      | Learned a level 3 spell: Mephitic Cloud
  1468 | D:2      | Reached XP level 4. HP: 25/30 MP: 1/8
  2663 | D:3      | Noticed Ijyb
  2680 | D:3      | Reached XP level 5. HP: 24/35 MP: 4/9
  2932 | D:3      | Noticed Terence
  3147 | D:3      | Noticed Natasha
  3368 | D:4      | Reached skill level 1 in Fire Magic
  3390 | D:4      | Found a blossoming altar of Fedhas.
  3486 | D:4      | Reached skill level 1 in Air Magic
  3844 | D:4      | Reached XP level 6. HP: 41/41 MP: 6/10
  4467 | D:5      | Entered Level 5 of the Dungeon
  4717 | D:5      | Noticed an ogre
  4848 | D:5      | Found a burning altar of Makhleb.
  5008 | D:5      | Reached XP level 7. HP: 37/46 MP: 1/11
  5193 | D:5      | Reached skill level 5 in Conjurations
  5578 | D:5      | Reached XP level 8. HP: 42/52 MP: 8/12
  6321 | D:6      | Noticed Maggie
  6647 | D:6      | Reached skill level 5 in Fire Magic
  7057 | D:6      | Found a staircase to the Ecumenical Temple.
  7065 | Temple   | Entered the Ecumenical Temple
  7152 | Temple   | Became a worshipper of Kikubaaqudgha
  7325 | D:6      | Reached XP level 9. HP: 30/58 MP: 1/13
  7332 | D:6      | Reached skill level 1 in Fighting
  7332 | D:6      | Reached skill level 1 in Armour
  7536 | D:6      | Killed Maggie
  7536 | D:6      | Reached skill level 5 in Air Magic
  7820 | D:3      | Killed Terence
  8031 | D:3      | Killed Natasha
  8061 | D:3      | Noticed Natasha
  8073 | D:3      | Killed Natasha
  8092 | D:3      | Killed Ijyb
  8189 | D:3      | Noticed Natasha
  8195 | D:3      | Killed Natasha
  8632 | D:7      | Found a sand-covered staircase.
  8651 | D:7      | Reached * piety under Kikubaaqudgha
  8651 | D:7      | Identified Kikubaaqudgha's Handbook of Stolen Souls
                  | (Kikubaaqudgha gifted it to you on level 7 of the Dungeon)
  8651 | D:7      | Received a gift from Kikubaaqudgha
  8712 | Ossuary  | Entered an ossuary
  9127 | D:7      | Reached XP level 10. HP: 70/73 MP: 5/14
  9147 | D:7      | Reached skill level 5 in Armour
  9217 | D:7      | Reached skill level 5 in Fighting
  9303 | D:7      | Noticed a two-headed ogre
  9394 | D:7      | Killed a two-headed ogre
  9394 | D:7      | Reached skill level 5 in Dodging
  9490 | D:7      | Reached ** piety under Kikubaaqudgha
 10167 | D:8      | Found a flagged portal.
 10281 | Bailey   | Entered a bailey
 10319 | Bailey   | Reached skill level 1 in Necromancy
 10324 | Bailey   | Reached *** piety under Kikubaaqudgha
 10324 | Bailey   | Identified Kikubaaqudgha's Disquisition on Unholy Magic
                  | (Kikubaaqudgha gifted it to you in a bailey)
 10324 | Bailey   | Received a gift from Kikubaaqudgha
 10354 | Bailey   | Noticed an orc knight
 10380 | Bailey   | Reached XP level 11. HP: 52/83 MP: 0/15
 10382 | Bailey   | Killed an orc knight
 10553 | D:8      | Learned a level 4 spell: Dispel Undead
 10559 | D:8      | Learned a level 5 spell: Borgnjor's Vile Clutch
 10914 | D:8      | Reached skill level 1 in Earth Magic
 11056 | D:8      | Found a staircase to the Lair.
 11235 | D:8      | Reached skill level 5 in Necromancy
 11361 | D:8      | Learned a level 2 spell: Sublimation of Blood
 11690 | D:9      | Noticed Gastronok
 11828 | D:9      | Noticed a cyclops
 11841 | D:9      | Killed a cyclops
 11847 | D:9      | Found an iron altar of Okawaru.
 11944 | D:9      | Found Wimufachesk's Magic Scroll Boutique.
 11956 | D:9      | Bought a scroll of magic mapping for 52 gold pieces
 11956 | D:9      | Bought 3 scrolls of enchant armour for 337 gold pieces
 11956 | D:9      | Bought a scroll of identify for 30 gold pieces
 12206 | D:9      | Found Waoghos's Gadget Shoppe.
 12211 | D:9      | Bought a wand of acid (8) for 384 gold pieces
 12351 | D:10     | Entered Level 10 of the Dungeon
 12366 | D:10     | Found Mieqil's Weapon Boutique.
 12371 | D:10     | Noticed a two-headed ogre
 12382 | D:10     | Killed a two-headed ogre
 12382 | D:10     | Reached skill level 5 in Spellcasting
 12727 | D:10     | Noticed a two-headed ogre
 12750 | D:10     | Reached **** piety under Kikubaaqudgha
 12750 | D:10     | Killed a two-headed ogre
 12750 | D:10     | Reached skill level 5 in Earth Magic
 12793 | D:10     | Noticed a red ugly thing
 13097 | D:10     | Learned a level 3 spell: Vampiric Draining
 13167 | D:10     | Killed a cyan ugly thing
 13220 | D:10     | Got a steaming steel ring
 13222 | D:10     | Identified the ring "Xodoi" {+Fly MR+ MP+9 Str-2 Dex-2}
                  | (You found it on level 10 of the Dungeon)
 13378 | D:10     | Reached XP level 12. HP: 81/89 MP: 2/20
 13583 | D:10     | Found a radiant altar of Vehumet.
 13727 | D:9      | Killed Gastronok
 13981 | D:11     | Reached skill level 1 in Shields
 14289 | D:11     | Noticed a two-headed ogre
 14300 | D:11     | Killed a two-headed ogre
 14360 | D:11     | Noticed a two-headed ogre
 14366 | D:11     | Killed a two-headed ogre
 14499 | D:11     | Got a slimy scale mail
 14502 | D:11     | Got a fine chain mail
 14738 | D:11     | Identified the +2 scale mail of Joy {rC+} (You found it on
                  | level 11 of the Dungeon)
 14748 | D:11     | Identified the +3 chain mail of Lanuagg {-Tele rElec Int+5
                  | Dex-2} (You found it on level 11 of the Dungeon)
 14924 | D:12     | Reached skill level 5 in Shields
 14956 | D:12     | Reached ***** piety under Kikubaaqudgha
 15009 | D:12     | Found a transporter.
 15009 | D:12     | Noticed Qulall's ghost (novice DEWz)
 15010 | D:12     | Found a transporter.
 15010 | D:12     | Noticed a vampire knight
 15011 | D:12     | Noticed a skeletal warrior
 15011 | D:12     | Noticed a shadow wraith
 15093 | D:12     | Noticed a skeletal warrior
 15093 | D:12     | Noticed a death knight
 15094 | D:12     | Noticed a skeletal warrior
 15120 | D:12     | Reached XP level 13. HP: 93/95 MP: 16/21
 15204 | D:12     | Found a staircase to the Orcish Mines.
 15316 | D:12     | You fall into a shaft and drop 3 floors!
 15316 | D:15     | Entered Level 15 of the Dungeon
 15316 | D:15     | Found a staircase to the Depths.
 15336 | D:15     | Noticed a rakshasa
 15340 | D:15     | Slain by a white ugly thing

Illustrated notes

Levels and vault maps discovered:
D:1:      dpeg_arrival_subterranean_lakeside_camping, layout_loops_ring
D:2:      layout_basic, first_ration
D:3:      layout_loops_ring, kennysheep_generic_room_8, uniq_ijyb, uniq_natasha,
          uniq_terence
D:4:      layout_basic, minmay_stone_trees_small, fedhas_altar_1
D:5:      layout_cave_pools, bloody_makhleb
D:6:      layout_basic, minmay_temple_entry_junction, corexii_corridor_pit,
          hangedman_decor_diamond_cutter, corexii_corridor_pit,
          minmay_misc_feat_five, uniq_maggie
D:7:      layout_loops_cross, enter_ossuary_2
D:8:      layout_basic, erik_lair_dragon, enter_bailey_3
D:9:      layout_loops_ring, okawaru_ov_weapons_minmay, serial_shops, shop,
          kennysheep_little_box, hangedman_fish_farm, uniq_gastronok
D:10:     layout_basic, basic_altar, serial_shops, kennysheep_mini,
          minmay_pinched_square
D:11:     layout_basic, minmay_fractal_squares_gapless_5
D:12:     layout_loops_cross, david_orc_3, gammafunk_ghost_mausoleum
D:15:     gammafunk_enter_depths_forms, layout_basic, minmay_misc_feat_chi,
          hangedman_decor_clover_reticule, serial_bayou_lagoon_a
Temple:   grunt_wide_crystal_templ

Skill      XL: |  1  2  3  4  5  6  7  8  9 10 11 12 13 |
---------------+----------------------------------------+-----
Conjurations   | 1 2 3 4 5 6 |  6.0
Fire Magic     | 1 2 3 5 |  5.0
Air Magic      | 1 2 3 4 5 |  5.0
Dodging        | 2 4 6 |  6.1
Fighting       | 4 6 |  6.7
Armour         | 4 7 |  7.1
Necromancy     | 3 6 9 |  9.0
Earth Magic    | 6 9 |  9.0
Spellcasting   | 5 |  5.9
Shields        | 6 8 |  8.9
Stealth        | |  2.4
Summonings     | |  1.0
Translocations | |  0.8

Action                   |  1- 3 |  4- 6 |  7- 9 | 10-12 | 13-15 || total
-------------------------+-------+-------+-------+-------+-------++-------
Melee: Club              |     9 |     6 |       |       |       ||    15
       Dagger            |       |     4 |   271 |   449 |    23 ||   747
       Halberd           |       |       |    23 |     9 |       ||    32
       Broad axe         |       |       |    10 |       |       ||    10
 Fire: Hunting sling     |       |    76 |   189 |   149 |       ||   414
Throw: Javelin           |       |       |     3 |       |       ||     3
 Cast: Magic Dart        |    72 |    98 |    42 |    17 |       ||   229
       Mephitic Cloud    |       |    11 |    31 |    27 |     2 ||    71
       Conjure Flame     |       |     1 |    28 |    39 |     1 ||    69
       Borgnjor's Vile C |       |       |       |    38 |    10 ||    48
       Dispel Undead     |       |       |       |    11 |     1 ||    12
       Sublimation of Bl |       |       |       |     5 |       ||     5
       Vampiric Draining |       |       |       |     7 |       ||     7
 Abil: Dig               |     1 |     7 |    15 |    23 |     1 ||    47
Evoke: Wand              |       |       |     4 |       |       ||     4
  Use: Scroll            |       |     1 |     4 |     9 |       ||    14
       Potion            |       |       |       |     3 |     4 ||     7
 Stab: Confused          |       |       |     3 |    11 |       ||    14
       Sleeping          |       |       |       |     6 |       ||     6
       Distracted        |       |       |       |     1 |       ||     1
  Eat: Chunk             |     1 |    13 |    18 |    37 |     3 ||    72
Armor: Robe              |    10 |     8 |     6 |       |       ||    24
       Ring mail         |       |       |    44 |     4 |       ||    48
       Steam dragon scal |       |       |    32 |    57 |       ||    89
       Troll leather arm |       |       |       |    53 |    10 ||    63
Dodge: Dodged            |    15 |    46 |   139 |   355 |    30 ||   585
Block: Buckler           |       |       |       |    13 |       ||    13
       Kite shield       |       |       |       |     2 |    24 ||    26
